 Dungeon Crawl Stone Soup version 0.31-a0-986-g5e6e4ef867 (webtiles) character file.

Game seed: 12088703547260312769

897 Forgeling the Basher (level 8, -3/68 HPs)
             Began as a Meteoran Fighter on Nov 12, 2023.
             Was an Initiate of Yredelemnul.
             Slain by a wyvern zombie (10 damage)
             ... in an ossuary.
             The game lasted 00:10:02 (1398 turns).

Forgeling the Basher (Meteoran Fighter)             Turns: 1398, Time: 00:10:02

Health: -3/68      AC:  9    Str: 19    XL:     8   Next: 53%
Magic:  9/9        EV:  9    Int: 10    God:    Yredelemnul [......]
Gold:   78         SH:  5    Dex: 14    Spells: 7/7 levels left

rFire   . . .        a - +0 flail
rCold   . . .        f - +0 buckler
rNeg    . . .        b - +0 scale mail
rPois   .            (no helmet)
rElec   .            t - +0 cloak
rCorr   .            c - +0 pair of gloves
SInv    +            (no boots)
Will    ++...        (no amulet) Stlth
                     h - ring of willpower
HPRegen 0.31/turn    j - ring of see invisible
MPRegen 0.11/turn

%: no passive effects
@: glowing
A: sense surroundings 1, otherworldly, glowing, explore regen
a: Renounce Religion, Recall Undead Harvest


You were in an ossuary.
You worshipped Yredelemnul.
Yredelemnul was noncommittal.
You visited 1 branch of the dungeon, and saw 6 of its levels.
You also visited: Sewer and Ossuary.

You collected 78 gold pieces.

Inventory:

Hand Weapons
 a - a +0 flail (weapon)
 e - the +2 arbalest of Zussiqiw {drain, Fragile Str+5 Dex+4}
   (You found it in a sewer)

   Str+5:     It affects your strength (+5).
   Dex+4:     It affects your dexterity (+4).
   Fragile:   It will be destroyed if unequipped.
Armour
 b - a +0 scale mail (worn)
 c - a +0 pair of gloves (worn)
 f - a +0 buckler (worn)
 t - a +0 cloak (worn)
Jewellery
 h - a ring of willpower (left hand)
 j - a ring of see invisible (right hand)
Wands
 q - a wand of flame (18)
Scrolls
 g - a scroll of identify {unknown}
 k - a scroll of poison {unknown}
 l - a scroll of silence {unknown}
 m - a scroll of immolation {unknown}
 o - a scroll of fear {unknown}
 s - a scroll of blinking {unknown}
Potions
 d - a potion of enlightenment {unknown}
 i - a potion of lignification {unknown}
 n - a potion of attraction {unknown}
 p - a potion of degeneration {unknown}
 r - a potion of ambrosia {unknown}
 u - 2 potions of berserk rage {unknown}
 J - a potion of curing {@q1}
 M - a potion of might


   Skills:
 - Level 5.0 Fighting
 + Level 11.0 Maces & Flails
 - Level 3.2 Armour
 - Level 3.2 Shields


You had 7 spell levels left.
You didn't know any spells.
Your spell library was empty.

Dungeon Overview and Level Annotations

Branches:
Dungeon (6/15) Zot: 2388    Sewer (visited)         Ossuary (1/1) Zot: 471
 Temple: D:4-7

Altars:
Qazlal
Yredelemnul


Innate Abilities, Weirdness & Mutations

You passively map a small area around you.
You are easily found by Zot.
You glow in the dark.
You regain HP and MP as you explore.


Message History

You hit the bog mummy but do no damage.
The bog mummy is heavily damaged.
You hit the bog mummy.
The bog mummy is severely damaged.
The bog mummy gestures at you while chanting.
You resist with almost no effort.
You sock the bog mummy!
You destroy the bog mummy!
Your Maces & Flails skill increases to level 11!
A wyvern zombie comes into view.
You hit the wyvern zombie.
The wyvern zombie is lightly damaged.
The wyvern zombie bites you!
* * * LOW HITPOINT WARNING * * *
You hit the wyvern zombie.
The wyvern zombie is lightly damaged.
You hit the wyvern zombie.
The wyvern zombie is moderately damaged.
The wyvern zombie bites you!
* * * LOW HITPOINT WARNING * * *
You completely miss the wyvern zombie.
The wyvern zombie is moderately damaged.
The wyvern zombie bites you.
* * * LOW HITPOINT WARNING * * *
You sock the wyvern zombie!
The wyvern zombie is heavily damaged.
You hit the wyvern zombie.
The wyvern zombie is heavily damaged.
The wyvern zombie bites you!
* * * LOW HITPOINT WARNING * * *
You sock the wyvern zombie!
The wyvern zombie is severely damaged.
Aiming: Throw Flame
Press: ? - help, Shift-Dir - straight line, f - wyvern zombie
Aim: a wyvern zombie (severely damaged, 89% to hit)
The puff of flame hits the wyvern zombie.
The wyvern zombie is almost destroyed.
The wyvern zombie bites you!
You die...
Your body rises from the dead as a mindless zombie.

* ~.~ ~ * ##M≈ ~
* * .~.. , ,
~*~~# * ** # .~#
,, #≈##~#, ### ,
* #.~~# #.#, , *
* #.#####'#####.
+.....@.......+
###.#####Z#####.#
#.'.#..∩#.# ,
###.#.∩.### ***
#.'.#...# ,, *
###.##'##'##+## *
#.'............
###'#'#'#+#+#'#
#.#.#.#, , *


You could see a wyvern zombie.

Vanquished Creatures
  A water moccasin (Sewer)
  An ice beast (D:6)
  A black bear (D:5)
  A scorpion (D:5)
  2 bullfrog zombies (Ossuary)
  Ijyb (D:3)
  A sleepcap (D:5)
  An iguana (D:5)
  2 orc wizards (D:5)
  2 killer bee zombies (Ossuary)
  10 mummies (Ossuary)
  2 howler monkey zombies (Ossuary)
  3 adders (D:3)
  A worm (D:3)
  An orc (D:5)
  4 bats
  2 endoplasms
  2 goblins
  5 hobgoblins
  4 jackals (D:1)
  3 kobolds
  2 quokkas (D:1)
  6 ball pythons
  5 frilled lizards
  A rat (D:1)
64 creatures vanquished.

Vanquished Creatures (collateral kills)
  A phantom (D:5)
  An orc (D:5)
2 creatures vanquished.

Vanquished Creatures (others)
  An adder zombie (D:3)
1 creature vanquished.

Grand Total: 67 creatures vanquished

Notes
Turn   | Place    | Note
-------+----------+-------------------------------------------
     0 | D:1      | Forgeling the Meteoran Fighter began the quest for the Orb.
     0 | D:1      | Reached XP level 1. HP: 19/19 MP: 2/2
    34 | D:1      | Reached skill level 3 in Maces & Flails
    55 | D:1      | Reached XP level 2. HP: 26/26 MP: 3/3
   224 | D:1      | Reached skill level 4 in Maces & Flails
   260 | D:1      | Reached XP level 3. HP: 27/31 MP: 4/4
   457 | D:3      | Noticed Ijyb
   465 | D:3      | HP: 1/31 [Ijyb/puff of flame (10)]
   469 | D:3      | Killed Ijyb
   470 | D:3      | Reached skill level 5 in Maces & Flails
   470 | D:3      | Reached XP level 4. HP: 9/38 MP: 5/5
   646 | D:3      | Found a glowing drain.
   667 | Sewer    | Entered a sewer
   688 | Sewer    | Noticed a water moccasin
   694 | Sewer    | Killed a water moccasin
   695 | Sewer    | Reached skill level 7 in Maces & Flails
   695 | Sewer    | Reached XP level 5. HP: 35/45 MP: 6/6
   695 | Sewer    | Reached XP level 6. HP: 40/51 MP: 7/7
   702 | Sewer    | Identified the +2 arbalest of Zussiqiw {drain, Fragile
                  | Str+5 Dex+4}
   894 | D:3      | Found a faded altar of an unknown god.
   908 | D:3      | Prayed at the altar of an unknown god.
   908 | D:3      | Became a worshipper of Yredelemnul the Dark
   908 | D:3      | Reached * piety under Yredelemnul
  1015 | D:5      | Entered Level 5 of the Dungeon
  1039 | D:5      | Reached skill level 8 in Maces & Flails
  1066 | D:5      | Found a stormy altar of Qazlal.
  1167 | D:5      | Reached XP level 7. HP: 53/57 MP: 8/8
  1170 | D:5      | Reached skill level 9 in Maces & Flails
  1239 | D:5      | Reached skill level 10 in Maces & Flails
  1246 | D:5      | Reached XP level 8. HP: 45/66 MP: 9/9
  1257 | D:5      | Found a sand-covered staircase.
  1262 | Ossuary  | Entered an ossuary
  1381 | Ossuary  | Reached skill level 5 in Fighting
  1390 | Ossuary  | Reached skill level 11 in Maces & Flails
  1398 | Ossuary  | Slain by a wyvern zombie

Illustrated notes

Levels and vault maps discovered:
D:1:      amcnicky_arrival_choice, layout_loops_ring
D:2:      layout_rooms
D:3:      layout_loops_corners, cheibrodos_sewer_entry_sluice,
          nicolae_ecumenical_snake_handling, uniq_ijyb
D:4:      layout_rooms, minmay_temple_entry_statues_fountains, uniq_duvessa
D:5:      layout_basic, mainiacjoe_overflow_boulevard, enter_ossuary_2,
          st_stairs_2
D:6:      layout_cave_pools, minmay_tree_intersection
Ossuary:  ossuary_zaba_flooded

Skill      XL: |  1  2  3  4  5  6  7  8 |
---------------+-------------------------+-----
Maces & Flails | 3 4 5 7 8 10 11 | 11.0
Fighting       | 5 |  5.0
Armour         | |  3.2
Shields        | |  3.2

Action                     |  1- 3 |  4- 6 |  7- 9 || total
---------------------------+-------+-------+-------++-------
  Melee: Flail             |    78 |    81 |   131 ||   290
  Evoke: Wand              |       |     2 |     1 ||     3
    Use: Potion            |     1 |       |       ||     1
         Scroll            |       |     2 |       ||     2
 Armour: Scale mail        |    80 |    44 |    68 ||   192
  Dodge: Dodged            |    53 |    30 |    49 ||   132
  Block: Buckler           |    21 |    17 |    25 ||    63

Table legend: (Time is in decaauts)
 A = Elapsed time spent in this place.
 B = Non-inter-level travel time spent in this place.
 C = Inter-level travel time spent in this place.
 D = Time resting spent in this place.
 E = Time spent auto-exploring this place.
 F = Levels seen in this place.
 G = Mean time per level.
                   A        B        C        D        E       F      G
               +--------+--------+--------+--------+--------+-----+--------+
         Total |   1424 |   1404 |     20 |      0 |      0 |   8 |  178.0 |
       Dungeon |   1211 |   1191 |     20 |      0 |      0 |   6 |  201.8 |
         Sewer |     85 |     85 |      0 |      0 |      0 |   1 |   85.0 |
       Ossuary |    127 |    127 |      0 |      0 |      0 |   1 |  127.0 |
               +--------+--------+--------+--------+--------+-----+--------+

Top non-repeatable levels by time:
     D:3: 430 daAuts
     D:1: 335 daAuts
     D:5: 215 daAuts
     D:2: 162 daAuts
 Ossuary: 127 daAuts
   Sewer: 85 daAuts
     D:4: 44 daAuts
     D:6: 23 daAuts
